 Seeded DCSS version 0.30.1-9-gdf580d7c3d (webtiles) character file.

Game seed: 15660985446129201502 (custom seed)

306 AccursedSamuel the Chopper (level 6, -2/38 HPs)
             Began as a Tengu Monk on Oct 11, 2023.
             Was a Priest of Nemelex Xobeh.
             Slain by Edmund
             ... wielding a +2 heavy dire flail
              (4 damage)
             ... on level 5 of the Dungeon.
             The game lasted 00:04:14 (2363 turns).

AccursedSamuel the Chopper (Tengu Monk)             Turns: 2363, Time: 00:04:15

Health: -2/38      AC:  2    Str: 11    XL:     6   Next: 39%
Magic:  7/7        EV: 17    Int: 11    God:    Nemelex Xobeh [***...]
Gold:   246        SH:  0    Dex: 18    Spells: 5/5 levels left

rFire   . . .        e - +9 war axe "Rizoul" {holy, rN+ Will++}
rCold   . . .        d - orb {light}
rNeg    + . .        b - +0 robe
rPois   .            (helmet restricted)
rElec   .            (no cloak)
rCorr   .            (no gloves)
SInv    .            (boots unavailable)
Will    ++...        (no amulet)
Stlth   +            (no ring)
HPRegen 0.26/turn    (no ring)
MPRegen 0.10/turn

%: no passive effects
@: flying quickly and evasively, glowing, quick
A: beak, talons 3, nimble flight
a: Renounce Religion, Draw Escape, Draw Destruction, Draw Summoning, Triple Draw


You were on level 5 of the Dungeon.
You worshipped Nemelex Xobeh.
Nemelex Xobeh was most pleased with you.
You visited 1 branch of the dungeon, and saw 5 of its levels.

You collected 246 gold pieces.

Inventory:

Hand Weapons
 a - a +0 hand axe
 e - the +9 war axe "Rizoul" (weapon) {holy, rN+ Will++}
   (You acquired it on level 1 of the Dungeon)

   rN:        It protects you from negative energy.
   Will:      It greatly increases your willpower.
Armour
 b - a +0 robe (worn)
 d - an orb of light (worn)
Jewellery
 k - a +4 ring of protection
Scrolls
 f - 2 scrolls of teleportation {unknown}
 h - a scroll of identify {unknown}
 m - a scroll of enchant armour {unknown}
 n - a scroll of noise {unknown}
 p - a scroll of immolation {unknown}
 r - a scroll of fog {unknown}
Potions
 c - a potion of ambrosia
 g - a potion of curing {unknown}
 i - a potion of heal wounds {unknown}
 j - 2 potions of magic {unknown}
 l - a potion of flight {unknown}
 o - a potion of degeneration {unknown}
 q - a potion of attraction {unknown}


   Skills:
 + Level 4.0 Fighting
 + Level 6.3 Axes
 + Level 4.3 Dodging
 + Level 0.9 Stealth


You had 5 spell levels left.
You didn't know any spells.
Your spell library contained the following spells:

 Spells                   Type           Power      Damage    Failure   Level
 Cigotuvi's Dreadful Rot  Necr/Pois/Air  0%         N/A       47%         2
 Ignite Poison            Fire/Tmut/Pois 0%         N/A       71%         3
 Dispel Undead            Necr           0%         3d6       98%         4
 Sticky Flame             Conj/Fire      0%         2d3       98%         4
 Death Channel            Necr           0%         N/A       100%        6
 Ignition                 Fire           0%         3d3       100%        8


Dungeon Overview and Level Annotations

Branches:
Dungeon (5/15)
 Temple: D:4-7

Altars:
Nemelex Xobeh
Wu Jian

Annotations:
D:2 1 runed translucent door, Crazy Yiuf
D:5 Edmund


Innate Abilities, Weirdness & Mutations

You have a beak for a mouth.
You have claws for feet.
Your magical nature lets you fly swiftly and evasively.


Message History

The ufetubus completely misses you.
The ufetubus hits you but does no damage.
You see here a +0 short sword.
The ufetubus closely misses you. The ufetubus hits you. x2
The ufetubus misses you.
You barely miss the ufetubus. You claw the ufetubus.
The ufetubus is heavily wounded.
The ufetubus closely misses you. The ufetubus misses you.
You slash the ufetubus!
You kill the ufetubus!
Your Axes skill increases to level 6!
Found a stone staircase leading down.
A scorpion comes into view.
The scorpion moves out of view.
A scorpion is nearby!
A scorpion is nearby!
The scorpion closely misses you.
You slice the scorpion!!
You kill the scorpion!
Found a stone staircase leading up.
There is a stone staircase leading down here.
You fly downwards.
Found 6 gold pieces, a trident and a bubbling coppery potion.
There is a stone staircase leading up here.
Edmund the Younger comes into view.
He is wielding a +2 heavy dire flail and wearing a +2 chain mail of cold resistance.
Edmund shouts!
Found a viscous emerald potion.
Edmund hits you with a +2 heavy dire flail!!
Found a scroll labelled GEUSOIM ZAGAC.
Edmund hits you with a +2 heavy dire flail!!
Ouch! That really hurt!
* * * LOW HITPOINT WARNING * * *
You hit Edmund. You claw Edmund, but do no damage.
Edmund is lightly wounded.
Edmund closely misses you.
You slash Edmund! You claw Edmund, but do no damage.
Edmund is heavily wounded.
Edmund hits you with a +2 heavy dire flail.
You die...
Your body disappears without additional glow.

.............#
.............###
...............#
...............
.............#
..!..........#
......!.@....##
........@....)#
?.............#
..............#
P..........<###
≈≈..##......#
§≈P. #####..#


PP. #.$# .. ##.# #.. You could see Edmund.

Vanquished Creatures
  A scorpion (D:4)
  3 orc priests
  An iguana (D:4)
  Jessica (D:2)
  An adder (D:2)
  2 ufetubi (D:4)
  4 dart slugs
  8 orcs
  7 endoplasms
  2 giant cockroaches (D:2)
  7 goblins
  7 hobgoblins
  6 kobolds
  6 quokkas
  3 ball pythons
  2 bats (D:1)
  7 frilled lizards
  8 rats
  A spectral kobold (D:2)
77 creatures vanquished.

Notes
Turn   | Place    | Note
-------+----------+-------------------------------------------
     0 | D:1      | AccursedSamuel the Tengu Monk began the quest for the Orb.
     0 | D:1      | Reached XP level 1. HP: 14/14 MP: 2/2
    93 | D:1      | Reached XP level 2. HP: 17/19 MP: 3/3
    93 | D:1      | Identified a scroll of acquirement
    93 | D:1      | Acquired the +9 war axe "Rizoul" {holy, rN+ Will++}
   670 | D:1      | Reached XP level 3. HP: 23/23 MP: 4/4
   957 | D:2      | Reached skill level 4 in Axes
   959 | D:2      | Noticed Jessica
   963 | D:2      | Killed Jessica
   988 | D:2      | Reached XP level 4. HP: 27/28 MP: 5/5
  1221 | D:2      | Found a faded altar of an unknown god.
  1343 | D:2      | Found a runed translucent door.
  1344 | D:2      | Noticed Crazy Yiuf
  1504 | D:2      | Prayed at the altar of an unknown god.
  1504 | D:2      | Became a worshipper of Nemelex Xobeh the Trickster
  1504 | D:2      | Reached * piety under Nemelex Xobeh
  1504 | D:2      | Received a gift from Nemelex Xobeh
  1504 | D:2      | Reached ** piety under Nemelex Xobeh
  1504 | D:2      | Received a gift from Nemelex Xobeh
  1720 | D:3      | Received a gift from Nemelex Xobeh
  1746 | D:3      | Reached skill level 5 in Axes
  1746 | D:3      | Gained mutation: Your magical nature lets you fly swiftly
                  | and evasively. [Tengu growth]
  1746 | D:3      | Reached XP level 5. HP: 19/32 MP: 6/6
  1902 | D:3      | Found an ornate altar of the Wu Jian Council.
  1931 | D:4      | Reached *** piety under Nemelex Xobeh
  2158 | D:4      | Reached XP level 6. HP: 6/38 MP: 7/7
  2330 | D:4      | Reached skill level 6 in Axes
  2353 | D:5      | Entered Level 5 of the Dungeon
  2354 | D:5      | Noticed Edmund
  2363 | D:5      | Slain by Edmund

Illustrated notes

Levels and vault maps discovered:
D:1:      minmay_arrival_pointy, layout_loops_ring, minmay_gold_behind_fungi
D:2:      layout_basic, dreamdust_ecumenical_altar_drowned_temple,
          hangedman_decor_clover_reticule, fountainhead,
          uniq_crazy_yiuf_cottage, uniq_jessica
D:3:      layout_loops_ring, general_overflow_altar, serial_bayou_pond_d
D:4:      layout_basic, nicolae_eternal_life, uniq_ijyb, uniq_sigmund
D:5:      layout_layer_cave, mainiacjoe_overflow_small_starburst,
          elyvilon_altar_1, serial_demonic, serial_demonic_e, serial_demonic_b,
          serial_demonic_e, serial_demonic_a, serial_demonic_e,
          serial_demonic_e, serial_demonic_g, serial_demonic_a,
          serial_demonic_d, serial_demonic_g, uniq_edmund

Skill      XL: |  1  2  3  4  5  6 |
---------------+-------------------+-----
Axes           | 4 5 6 |  6.3
Dodging        | 4 |  4.3
Fighting       | 4 |  4.0
Stealth        | |  0.9

Action                     |  1- 3 |  4- 6 || total
---------------------------+-------+-------++-------
  Melee: Hand axe          |    16 |       ||    16
         Peck              |     4 |     5 ||     9
         Kick              |     3 |    10 ||    13
         War axe           |    30 |    57 ||    87
    Use: Scroll            |     1 |       ||     1
 Armour: Robe              |     7 |     3 ||    10
  Dodge: Dodged            |    38 |    43 ||    81
